 Dungeon Crawl Stone Soup version 0.24.1-14-gf8d2b509d9 (webtiles) character file.

Game seed: 6451612979672460467, levelgen mode: deterministic

989 orehx the Chopper (level 7, 0/57 HPs)
             Began as a Demonspawn Monk on May 26, 2020.
             Was an Initiate of Gozag.
             Slain by Pikel
             ... wielding a +2 whip of electrocution
              (11 damage)
             ... on level 4 of the Dungeon.
             The game lasted 00:09:38 (5028 turns).

orehx the Chopper (Demonspawn Monk)                 Turns: 5028, Time: 00:09:38

Health: 0/57       AC: 12    Str: 14    XL:     7   Next: 98%
Magic:  7/7        EV:  2    Int: 11    God:    Gozag
Gold:   891        SH:  9    Dex: 15    Spells: 6/6 levels left

rFire    + . .     SeeInvis .   y - +0 war axe (vamp)
rCold    . . .     Gourm    .   t - +0 shield
rNeg     . . .     Faith    .   r - +0 plate armour
rPois    .         Spirit   .   (helmet restricted)
rElec    .         Reflect  .   (no cloak)
rCorr    .         Harm     .   (no gloves)
MR       .....                  (no boots)
Stlth    ..........             (no amulet)
HPRegen  0.19/turn              (no ring)
MPRegen  0.10/turn              (no ring)

@: no status effects
A: horns 1, yellow scales 1, demonic guardian 1, fire resistance 1, augmentation
1
a: Potion Petition, Call Merchant, Bribe Branch, Renounce Religion


You were on level 4 of the Dungeon.
You worshipped Gozag.
Gozag was pleased with you.
You were not hungry.

You visited 1 branch of the dungeon, and saw 5 of its levels.

You collected 891 gold pieces.

Inventory:

Hand Weapons
 a - a +0 hand axe
 v - a +0 war axe
 y - a +0 vampiric war axe (weapon)
Missiles
 d - 154 stones (quivered)
 h - 8 atropa-tipped darts
Armour
 b - a +0 robe
 g - a +0 chain mail
 r - a +0 plate armour (worn)
 t - a +0 shield (worn)
Jewellery
 u - an uncursed amulet of faith {unknown}
Wands
 z - a wand of digging (7)
Scrolls
 c - a scroll of blinking {unknown}
 f - 2 scrolls of identify {unknown}
 i - a scroll of enchant armour {unknown}
 l - 2 scrolls of remove curse {unknown}
 m - 3 scrolls of immolation {unknown}
 p - 3 scrolls of teleportation {unknown}
 s - a scroll of fear {unknown}
Potions
 j - 2 potions of degeneration {unknown}
 k - a potion of ambrosia
 n - 2 potions of heal wounds {unknown}
 o - 5 potions of curing {unknown}
 q - 2 potions of haste {unknown}
 w - a potion of brilliance {unknown}
 x - a potion of magic {unknown}
 A - 2 potions of berserk rage {unknown}
Comestibles
 e - 4 rations


   Skills:
 - Level 5.6 Fighting
 * Level 6.9 Axes
 - Level 2.6 Dodging
 - Level 1.7 Stealth
 + Level 3.0 Shields


You had 6 spell levels left.
You didn't know any spells.
Your spell library was empty.

Dungeon Overview and Level Annotations

Branches:
Dungeon (5/15)
 Temple: D:4-7

Altars:
Gozag
Nemelex Xobeh

Shops:
D:5 =

Annotations:
D:3 1 runed translucent door, harkrass's ghost, amateur MiFi
D:4 2 runed translucent doors, Crazy Yiuf; PIKKUHERKKO's ghost, weakling HOMo; Pikel


Innate Abilities, Weirdness & Mutations

You have a pair of small horns on your head.
You are partially covered in yellow scales. (AC +2)
A weak demonic guardian rushes to your aid.
Your flesh is heat resistant. (rF+)
Your magical and physical power is slightly enhanced at high health.


Message History

You slash Pikel!
Pikel is heavily wounded.
You hit the slave but do no damage.
Your plate armour prevents you from hitting the slave.
Pikel hits you with a +2 whip of electrocution.
You are electrocuted!
The slave hits you but does no damage. The slave hits you.
You block Pikel's attack. The slave hits you.
The slave hits you but does no damage.
Pikel hits you with a +2 whip of electrocution.
You are electrocuted!!
* * * LOW HITPOINT WARNING * * *
You climb upwards.
Your summoned ally is left behind.
Level annotation: 2 runed translucent doors, Crazy Yiuf; PIKKUHERKKO's ghost, weakling HOMo
There is a stone staircase leading down here.
Okay, then.
You miss Pikel.
Pikel is heavily wounded.
Pikel hits you but does no damage.
You are electrocuted!
You die...
Your body crumbles into a pile of gold.

## ♣♣♣.♣...#..#
...#♣..♣.......#
...+.♣♣♣♣......#
)..#♣♣ ♣♣..#.## ##
♣♣####
##################
.............ppK@#
##......#.########
##......#.#
##......#.##
###........#
#..........#
#.#........##########
...<................#
...........########.#


You could see Pikel and 2 slaves.

Vanquished Creatures
  A slave (D:5)
  2 ogres (D:5)
  A centaur (D:5)
  Blork the orc (D:4)
  A howler monkey (D:5)
  A crimson imp (D:5)
  3 orc priests
  5 orc wizards
  An iguana (D:4)
  7 adders
  A shadow imp (D:5)
  An adder zombie (D:5)
  4 worms
  3 dart slugs
  2 leopard geckos
  19 orcs
  A ball python (D:5)
  2 giant cockroaches
  10 goblins
  6 hobgoblins
  7 jackals
  8 kobolds
  6 bats
  4 frilled lizards
  A leopard gecko skeleton (D:4)
  8 rats
106 creatures vanquished.

Vanquished Creatures (collateral kills)
  A slave (D:4)
  An ogre (D:5)
  A howler monkey (D:4)
  A centaur zombie (D:4)
  An orc priest (D:4)
  A hound (D:4)
  4 orc wizards
  An adder (D:5)
  7 orcs
  A goblin (D:3)
  2 jackals (D:5)
  A quokka (D:4)
  2 kobolds (D:3)
  3 rats (D:3)
27 creatures vanquished.

Grand Total: 133 creatures vanquished

Notes
Turn   | Place    | Note
-------+----------+-------------------------------------------
     0 | D:1      | orehx the Demonspawn Monk began the quest for the Orb.
     0 | D:1      | Reached XP level 1. HP: 18/18 MP: 1/1
   210 | D:1      | Reached skill level 3 in Axes
   272 | D:1      | You fall into a shaft and drop 1 floor!
   332 | D:1      | Gained mutation: A weak demonic guardian rushes to your
                  | aid. [demonic ancestry]
   332 | D:1      | Reached XP level 2. HP: 17/24 MP: 2/2
   871 | D:1      | Reached XP level 3. HP: 29/29 MP: 3/3
  1246 | D:2      | Found an opulent altar of Gozag.
  1263 | D:2      | Became a worshipper of Gozag Ym Sagoz the Greedy
  1542 | D:2      | Reached skill level 4 in Axes
  1543 | D:2      | Gained mutation: Your flesh is heat resistant. (rF+)
                  | [demonic ancestry]
  1543 | D:2      | Reached XP level 4. HP: 32/37 MP: 4/4
  2263 | D:3      | Gained mutation: You are partially covered in yellow
                  | scales. (AC +2) [demonic ancestry]
  2263 | D:3      | Reached XP level 5. HP: 40/42 MP: 5/5
  2680 | D:3      | Reached skill level 5 in Axes
  3049 | D:3      | Found a runed translucent door.
  3051 | D:3      | Noticed harkrass's ghost (amateur MiFi)
  3103 | D:4      | Gained mutation: You have a pair of small horns on your
                  | head. [demonic ancestry]
  3103 | D:4      | Reached XP level 6. HP: 43/49 MP: 6/6
  3205 | D:4      | Reached skill level 1 in Shields
  3260 | D:4      | Found a sparkling altar of Nemelex Xobeh.
  3518 | D:4      | Reached skill level 5 in Fighting
  3518 | D:4      | Gained mutation: Your magical and physical power is
                  | slightly enhanced at high health. [demonic ancestry]
  3518 | D:4      | Reached XP level 7. HP: 46/56 MP: 7/7
  3611 | D:4      | Found a runed translucent door.
  3612 | D:4      | Noticed PIKKUHERKKO's ghost (weakling HOMo)
  3746 | D:4      | Noticed Blork the orc
  3764 | D:4      | Killed Blork the orc
  3764 | D:4      | Reached skill level 6 in Axes
  4000 | D:4      | Found a runed translucent door.
  4001 | D:4      | Noticed Crazy Yiuf
  4121 | D:5      | Entered Level 5 of the Dungeon
  4330 | D:5      | Found Zosienel's Jewellery Shop.
  4760 | D:5      | Noticed Pikel
  5028 | D:4      | Slain by Pikel

Levels and vault maps discovered:
D:1:      giann_horns, layout_loops_ring, minivault_19
D:2:      cheibrodos_helix_gallery, layout_rooms, first_ration,
          nicolae_gozag_cash_rules_everything_around_me
D:3:      layout_loops_ring, ebering_ghost_reflecting_pool, serial_rivers,
          chequers_serial_rivers_micro_c, chequers_serial_rivers_micro_b,
          chequers_serial_rivers_micro_d, chequers_serial_rivers_micro_c
D:4:      layout_basic, hellmonk_ghost_happy_afterlife,
          nemelex_lonely_heart_becter, uniq_crazy_yiuf_cottage,
          uniq_blork_the_orc
D:5:      layout_cave_pools, serial_shops, nicolae_shop_statue_plus,
          hangedman_decor_diamond_cutter, uniq_pikel

Skill      XL: |  1  2  3  4  5  6  7 |
---------------+----------------------+-----
Axes           | 3 4 5 6 |  6.9
Fighting       | 4 5 |  5.6
Shields        | 1 3 |  3.0
Dodging        | |  2.6
Stealth        | |  1.7

Action                   |  1- 3 |  4- 6 |  7- 9 || total
-------------------------+-------+-------+-------++-------
Melee: Hand axe          |   125 |   185 |       ||   310
       War axe           |       |    46 |    72 ||   118
       Headbutt          |       |    13 |    13 ||    26
Throw: Stone             |    89 |    74 |   107 ||   270
  Use: Potion            |       |     1 |       ||     1
 Stab: Distracted        |       |     2 |       ||     2
  Eat: Chunk             |     2 |       |       ||     2
       Ration            |       |     2 |     2 ||     4
Armor: Chain mail        |    94 |    26 |       ||   120
       Plate armour      |       |   143 |    63 ||   206
Dodge: Dodged            |    38 |    30 |     6 ||    74
Block: Shield            |       |    31 |    32 ||    63
